 Dungeon Crawl Stone Soup version 0.17.1-1-g73c8601 (webtiles) character file.

30 Opium the Grave Robber (level 3, 0/24 HPs)
             Began as a Vampire Necromancer on Jan 8, 2016.
             Slain by a hobgoblin
             ... wielding a +0 club
              (1 damage)
             ... on level 1 of the Dungeon.
             The game lasted 00:05:11 (988 turns).

Opium the Grave Robber (Vampire Necromancer)         Turns: 988, Time: 00:05:12

Health: 0/24       AC:  3    Str:  7    XL:     3   Next: 5%
Magic:  3/6        EV: 12    Int: 18    God:
Gold:   69         SH:  0    Dex: 14    Spells: 2 memorised, 4 levels left

rFire  . . .     SeeInvis +     d - +0 dagger
rCold  . . .     Clarity  .     a - +0 robe
rNeg   + . .     SustAt   .     (no shield)
rPois  .         Gourm    .     (no helmet)
rElec  .         Spirit   .     (no cloak)
rCorr  .         Warding  .     f - +0 pair of gloves
rMut   .         Stasis   .     (no boots)
MR     .....                    (no amulet)
Stlth  +++.......               (no ring)
                                (no ring)

@: not resistant to hostile enchantments, fairly stealthy
A: fangs 3, see invisible, unbreathing
a: Bat Form


You were on level 1 of the Dungeon.
You were not thirsty.

You visited 1 branch of the dungeon, and saw 1 of its levels.

You collected 69 gold pieces.

Inventory:

Hand Weapons
 d - a +0 dagger (weapon)
Armour
 a - a +0 robe (worn)
 f - a +0 pair of gloves (worn)
Scrolls
 e - a scroll of enchant weapon {unknown}
 h - a scroll of identify {unknown}
Potions
 c - 4 potions of blood
 g - 2 potions of lignification {unknown}
 i - 2 potions of curing {unknown}
Books
 b - a book of Necromancy

   Spells                             Type                      Level
   a - Pain                           Necromancy                   1
   b - Animate Skeleton               Necromancy                   1
   c - Vampiric Draining              Necromancy                   3
   d - Regeneration                   Charms/Necromancy            3
   e - Animate Dead                   Necromancy                   4
   f - Control Undead                 Necromancy                   4


   Skills:
 + Level 0.0 Fighting
 + Level 0.0 Short Blades
 + Level 2.2 Dodging
 * Level 3.6 Stealth
 * Level 2.1 Spellcasting
 * Level 5.1 Necromancy


You had 4 spell levels left.
You knew the following spells:

 Your Spells              Type           Power        Failure   Level  Hunger
a - Pain                  Necr           ###.         1%          1    #......
b - Animate Skeleton      Necr           N/A          1%          1    #......


Dungeon Overview and Level Annotations

Branches:
Dungeon (1/15)

Altars:


Innate Abilities, Weirdness & Mutations

You have razor-sharp teeth.
You have supernaturally acute eyesight.
You can survive without breathing.


Message History

The hobgoblin shouts!
The hobgoblin hits you with a club.
You hit the hobgoblin.
The hobgoblin is moderately wounded.
You closely miss the hobgoblin.
The hobgoblin is moderately wounded.
The hobgoblin barely misses you.
You barely miss the hobgoblin.
The hobgoblin is moderately wounded.
The hobgoblin hits you with a club.
You closely miss the hobgoblin.
The hobgoblin is moderately wounded.
The hobgoblin closely misses you.
You closely miss the hobgoblin. You hit the hobgoblin but do no damage.
Your bite misses the hobgoblin. The hobgoblin hits you with a club!
* * * LOW HITPOINT WARNING * * *
You see here 20 sling bullets.
The hobgoblin hits you with a club.
You die...

#.#.# #.#.# #.
#...#####.#.# #.
#.#.#.......#######
#######.#.#.###.#........
#...........# #.#...%....
#.#####.#.### #.#.#######
#.#.# #.#.# #.#.#####.#.#
#.#####g@.†.......#
#......(#.###.###)#
#######.#..... #.#
##.#####.###.####### #..#
#............ #.##
######.####### ######(#
#............# #...>>.#
#.#####.####.# #.######
#.# #.#


You could see a hobgoblin.

Vanquished Creatures
  An ooze (D:1)
  A bat (D:1)
  A giant cockroach (D:1)
  5 goblins (D:1)
  4 hobgoblins (D:1)
  2 ball pythons (D:1)
  2 jackals (D:1)
  3 kobolds (D:1)
  4 rats (D:1)
23 creatures vanquished.

Vanquished Creatures (collateral kills)
  A kobold (D:1)
1 creature vanquished.

Grand Total: 24 creatures vanquished

Notes
Turn   | Place    | Note
--------------------------------------------------------------
     0 | D:1      | Opium the Vampire Necromancer began the quest for the Orb.
     0 | D:1      | Reached XP level 1. HP: 13/13 MP: 3/3
    10 | D:1      | Learned a level 1 spell: Animate Skeleton
   267 | D:1      | Reached XP level 2. HP: 10/19 MP: 5/5
   350 | D:1      | Reached skill level 5 in Necromancy
   939 | D:1      | Reached XP level 3. HP: 20/24 MP: 3/6
   984 | D:1      | HP: 1/24 [hobgoblin/club (7)]
   988 | D:1      | Slain by a hobgoblin

Action                   || total
-------------------------++-------
Melee: Dagger            ||    43
       Unarmed           ||     2
 Cast: Pain              ||    29
       Animate Skeleton  ||     1
  Use: Potion            ||     1
 Stab: Sleeping          ||     3
